WCHLSIM.com - West Coast Hockey League
html PUBLIC "-//W3C//DTD XHTML 1.0 Transitional//EN" "http://www.w3.org/TR/xhtml1/DTD/xhtml1-transitional.dtd"> WCHL - Game 900 - PHOENIX MUSTANGS vs ANAHEIM OUTLAWS

PHOENIX MUSTANGS vs ANAHEIM OUTLAWS

Created - 25 février 2020 at 17:28

Goals
1 2 3 OT1 T
PHOENIX MUSTANGS 0 1 0 0 1
ANAHEIM OUTLAWS 0 0 1 1 2
Shots
1 2 3 OT1 T
PHOENIX MUSTANGS 10 9 10 0 29
ANAHEIM OUTLAWS 5 9 10 3 27

1st period

No Goal

Penalties :
Jonas Brodin (PHX) for High sticking (Minor) at 5:48, Jeff Carter (PHX) for Hooking (Minor) at 19:08

2nd period

1. PHOENIX MUSTANGS , Kevin Labanc 12 (Jeff Carter 17, Christian Dvorak 9) at 6:00

Penalties :
No Penalty

3rd period

2. ANAHEIM OUTLAWS , Matt Duchene 26 (Morgan Rielly 31, Nicholas Ritchie 12) at 12:32

Penalties :
Mark Borowiecki (ANA) for Holding (Minor) at 6:18, Alexander Steen (PHX) for Roughing (Double Minor) at 14:27

Overtime #1

3. ANAHEIM OUTLAWS , Michael Rasmussen 3 (Morgan Rielly 32, Mackenzie Blackwood) at 4:00

Penalties :
No Penalty

Goalie Stats

Corey Crawford (PHX), 25 saves from 27 shots - (0,926), OTL, 26-21-3, 64:01 minutes
Mackenzie Blackwood (ANA), 28 saves from 29 shots - (0,966), W, 9-11-2, 64:01 minutes

Players Stats for PHOENIX MUSTANGS

Player Name              G  A  P  +/- PIM S  H  SB GA TA FO     MP     PP MP  PK MP  
------------------------------------------------------------------------------------
Alexander Steen          0  0  0   0  4   2  2  0  0  0  0/0    14:55   0:00   0:00 
Andrew Copp              0  0  0   0  0   0  0  0  0  0  9/9     5:17   0:00   0:15 
Andrew Ladd              0  0  0   0  0   1  0  0  0  0  0/1     5:02   0:00   0:00 
Christian Dvorak         0  1  1   1  0   3  0  0  0  0  1/1    12:19   0:56   0:00 
Dennis Cholowski         0  0  0  -1  0   0  0  3  0  0  0/0    19:53   0:28   3:50 
Erik Karlsson            0  0  0   0  0   3  1  0  0  0  0/0    23:57   1:31   1:15 
Jake Gardiner            0  0  0   0  0   1  2  0  0  0  0/0    20:34   1:03   3:58 
Jeff Carter              0  1  1   0  2   2  2  0  0  0  11/16  15:53   0:00   2:39 
Jesper Fast              0  0  0   0  0   2  0  0  0  0  0/0     9:36   0:00   4:34 
Jonas Brodin             0  0  0   1  2   1  0  0  0  0  0/0    23:48   0:00   2:44 
Justin Faulk             0  0  0  -1  0   1  4  1  0  0  0/0    24:36   0:56   4:07 
Kevin Hayes              0  0  0   0  0   1  1  1  0  0  16/25  21:27   1:03   4:17 
Kevin Labanc             1  0  1   1  0   4  0  0  0  0  0/0    12:26   1:03   0:00 
Nicklas Backstrom        0  0  0  -2  0   2  0  0  0  0  17/20  22:00   0:56   0:29 
Oscar Fantenberg         0  0  0   0  0   0  1  0  0  0  0/0    11:12   0:00   0:00 
Phil Kessel              0  0  0   0  0   3  0  0  0  0  1/3    21:03   1:03   3:40 
T.J. Oshie               0  0  0  -1  0   3  5  0  0  0  1/2    19:39   0:56   0:00 
Tomas Hyka               0  0  0  -1  0   0  1  0  0  0  1/2    20:26   0:00   0:00 

Players Stats for ANAHEIM OUTLAWS

Player Name              G  A  P  +/- PIM S  H  SB GA TA FO     MP     PP MP  PK MP  
------------------------------------------------------------------------------------
Adrian Kempe             0  0  0   0  0   4  1  0  0  0  7/16   13:09   0:05   0:00 
Dan Hamhuis              0  0  0   0  0   0  5  1  0  0  0/0    13:53   0:00   0:40 
Frederik Gauthier        0  0  0  -1  0   0  2  0  0  0  0/0     8:02   0:00   0:00 
Garnet Hathaway          0  0  0   1  0   0  3  0  0  0  4/16   20:19   4:18   0:00 
Joe Hicketts             0  0  0   0  0   0  0  0  0  0  0/0    17:04   0:00   0:18 
John Tavares             0  0  0   0  0   1  0  1  0  0  0/1    19:52   4:23   0:00 
Jonathan Audy-Marchessau 0  0  0  -1  0   5  0  0  0  0  3/12    8:02   0:00   0:00 
Jonathan Drouin          0  0  0   0  0   1  0  0  0  0  0/1    17:34   3:34   0:56 
Keith Yandle             0  0  0   0  0   1  3  1  0  0  0/0    27:30   4:10   1:22 
Kevin Fiala              0  0  0   1  0   1  0  1  0  0  4/21   21:35   4:23   1:03 
Mark Borowiecki          0  0  0   0  2   0  5  1  0  0  0/0    20:55   4:10   0:00 
Matt Duchene             1  0  1   1  0   5  0  1  0  0  0/1    15:38   0:00   0:00 
Michael Grabner          0  0  0   0  0   2  1  0  0  0  0/2    13:04   0:00   0:00 
Michael Rasmussen        1  0  1   1  0   1  1  0  0  0  3/5    20:31   3:34   0:56 
Morgan Rielly            0  2  2   1  0   2  1  4  0  0  0/0    24:20   3:47   1:19 
Nicholas Ritchie         0  1  1   1  0   1  3  0  0  0  0/0    14:49   0:00   0:00 
Ryan Callahan            0  0  0  -1  0   1  1  0  0  0  1/4    13:28   3:34   1:03 
Thomas Hickey            0  0  0   0  0   2  5  1  0  0  0/0    20:18   3:47   0:19 

3 Stars

1 - Mackenzie Blackwood (ANA)
2 - Morgan Rielly (ANA)
3 - Michael Rasmussen (ANA)

Power Play

PHOENIX MUSTANGS - 0 on 1 Attempt(s) - 0,00%
ANAHEIM OUTLAWS - 0 on 4 Attempt(s) - 0,00%

Penalty Kill

PHOENIX MUSTANGS - 4 on 4 Attempt(s) - 100,00% - Score 0 goal in Penalty Kill
ANAHEIM OUTLAWS - 1 on 1 Attempt(s) - 100,00% - Score 0 goal in Penalty Kill

Team Stat

PHOENIX MUSTANGS - Hits : 19 - Faceoff Wins : 57 - Blocked Shots : 5 - Penalty Minutes : 8
ANAHEIM OUTLAWS - Hits : 31 - Faceoff Wins : 22 - Blocked Shots : 11 - Penalty Minutes : 2

Official

Referees : Graham Skiliter and Kendrick Nicholson
Linesman : Lucas Bisbee and Derek Wahl

Game Notes

No Game Note

Finance

Level 1 -- Attendance: 6500 (100,00%) -- Ticket Income 702 000 $
Level 2 -- Attendance: 5500 (100,00%) -- Ticket Income 390 500 $
Level 3 -- Attendance: 2500 (100,00%) -- Ticket Income 107 500 $
Level 4 -- Attendance: 5000 (100,00%) -- Ticket Income 135 000 $
Luxury Box -- Attendance: 1000 (100,00%) -- Ticket Income 215 000 $
Game was played at the Bouch Garden.
Total Attendance: 20500 (100,00%)
Total Ticket Income: 1 550 000 $
Other Income: 465 000 $
Total Income: 2 015 000 $

PHOENIX MUSTANGS

5 vs 5 Forward 
   Center                   Left Wing                Right Wing               Time % Phy DF OF 
 1 Nicklas Backstrom        Tomas Hyka               T.J. Oshie               37     1   2  2  
 2 Kevin Hayes              Alexander Steen          Phil Kessel              31     1   2  2  
 3 Jeff Carter              Christian Dvorak         Kevin Labanc             26     1   2  2  
 4 Andrew Copp              Andrew Ladd              Jesper Fast              6      1   2  2  

5 vs 5 Defense 
   Defense                  Defense                                           Time % Phy DF OF 
 1 Erik Karlsson            Jonas Brodin                                      42     1   2  2  
 2 Jake Gardiner            Justin Faulk                                      31     1   2  2  
 3 Dennis Cholowski         Oscar Fantenberg                                  17     1   2  2  
 4 Dennis Cholowski         Justin Faulk                                      10     1   2  2  

PowerPlay Forward 
   Center                   Left Wing                Right Wing               Time % Phy DF OF 
 1 Nicklas Backstrom        Christian Dvorak         T.J. Oshie               55     1   2  2  
 2 Kevin Hayes              Kevin Labanc             Phil Kessel              45     1   2  2  

PowerPlay Defense
   Defense                  Defense                                           Time % Phy DF OF 
 1 Erik Karlsson            Jake Gardiner                                     55     1   2  2  
 2 Erik Karlsson            Justin Faulk                                      45     1   2  2  

Penalty Kill 4 Players Forward 
   Center                   Wing                     Time % Phy DF OF 
 1 Kevin Hayes              Jesper Fast              55     1   2  2  
 2 Jeff Carter              Phil Kessel              45     1   2  2  

Penalty Kill 4 Players Defense
   Defense                  Defense                  Time % Phy DF OF 
 1 Jonas Brodin             Dennis Cholowski         55     1   2  2  
 2 Jake Gardiner            Justin Faulk             45     1   2  2  

Penalty Kill - 3 Players Forward 
   Forward                                           Time % Phy DF OF 
 1 Jeff Carter                                       55     1   2  2  
 2 Kevin Hayes                                       45     1   2  2  

Penalty Kill - 3 Players Defense
   Defense                  Defense                  Time % Phy DF OF 
 1 Jonas Brodin             Justin Faulk             55     1   2  2  
 2 Jake Gardiner            Dennis Cholowski         45     1   2  2  

4 vs 4 Forward 
   Center                   Wing                     Time % Phy DF OF 
 1 Kevin Hayes              Nicklas Backstrom        55     1   2  2  
 2 Kevin Labanc             Phil Kessel              45     1   2  2  

4 vs 4 Defense
   Defense                  Defense                  Time % Phy DF OF 
 1 Erik Karlsson            Justin Faulk             55     1   2  2  
 2 Jake Gardiner            Jonas Brodin             45     1   2  2  

Last Minutes Offensive
   Center                   Left Wing                Right Wing               Defense                  Defense                  
   Nicklas Backstrom        Tomas Hyka               Phil Kessel              Justin Faulk             Erik Karlsson            

Last Minutes Defensive
   Center                   Left Wing                Right Wing               Defense                  Defense                  
   Nicklas Backstrom        Tomas Hyka               Phil Kessel              Justin Faulk             Erik Karlsson            

Goaltenders
Starting : Corey Crawford           
Backup : Joonas Korpisalo         

Extra Forwards
Normal : Phil Kessel, Kevin Labanc, Jesper Fast - PP : Phil Kessel, Kevin Labanc - PK : Jesper Fast
Extra Defensemen
Normal : Dennis Cholowski, Jonas Brodin, Jake Gardiner - PP : Erik Karlsson - PK : Erik Karlsson, Jake Gardiner
Penalty Shots
Nicklas Backstrom, Phil Kessel, T.J. Oshie, Kevin Labanc, Kevin Hayes
Custom OT Lines Forwards
Nicklas Backstrom, Jeff Carter, Tomas Hyka, Phil Kessel, Kevin Hayes, Andrew Ladd, Alexander Steen, Kevin Labanc, Jesper Fast, T.J. Oshie
Custom OT Lines Defensemen
Erik Karlsson, Jonas Brodin, Jake Gardiner, Justin Faulk, Dennis Cholowski

Scratches
Vince Pedrie (Healthy), Dan Renouf (Healthy), Fredrik Claesson (Fractured Metatarsal (Left Foot) Injury), Michael Kapla (Healthy), Michael Brodzinski (Healthy)
Nick Lappin (Healthy), Michael Del Zotto (Torso Injury), Reece Willcox (Healthy), Teuvo Teravainen (Healthy), Garret Sparks (Healthy)

ANAHEIM OUTLAWS

5 vs 5 Forward 
   Center                   Left Wing                Right Wing               Time % Phy DF OF 
 1 Garnet Hathaway          Michael Rasmussen        John Tavares             29     1   1  3  
 2 Kevin Fiala              Nicholas Ritchie         Matt Duchene             29     1   2  2  
 3 Adrian Kempe             Jonathan Drouin          Michael Grabner          25     1   2  2  
 4 Jonathan Audy-MarchessaulFrederik Gauthier        Ryan Callahan            17     1   3  1  

5 vs 5 Defense 
   Defense                  Defense                                           Time % Phy DF OF 
 1 Mark Borowiecki          Joe Hicketts                                      35     1   2  2  
 2 Keith Yandle             Thomas Hickey                                     35     1   2  2  
 3 Morgan Rielly            Dan Hamhuis                                       20     1   4  0  
 4 Keith Yandle             Morgan Rielly                                     10     1   2  2  

PowerPlay Forward 
   Center                   Left Wing                Right Wing               Time % Phy DF OF 
 1 Garnet Hathaway          John Tavares             Kevin Fiala              50     0   1  4  
 2 Ryan Callahan            Michael Rasmussen        Jonathan Drouin          50     0   1  4  

PowerPlay Defense
   Defense                  Defense                                           Time % Phy DF OF 
 1 Mark Borowiecki          Keith Yandle                                      50     1   1  3  
 2 Thomas Hickey            Morgan Rielly                                     50     1   1  3  

Penalty Kill 4 Players Forward 
   Center                   Wing                     Time % Phy DF OF 
 1 Michael Rasmussen        Jonathan Drouin          50     1   4  0  
 2 Kevin Fiala              Ryan Callahan            50     1   4  0  

Penalty Kill 4 Players Defense
   Defense                  Defense                  Time % Phy DF OF 
 1 Mark Borowiecki          Keith Yandle             50     1   4  0  
 2 Morgan Rielly            Thomas Hickey            50     1   4  0  

Penalty Kill - 3 Players Forward 
   Forward                                           Time % Phy DF OF 
 1 Michael Rasmussen                                 55     1   2  2  
 2 Ryan Callahan                                     45     1   2  2  

Penalty Kill - 3 Players Defense
   Defense                  Defense                  Time % Phy DF OF 
 1 Mark Borowiecki          Morgan Rielly            55     1   2  2  
 2 Keith Yandle             Thomas Hickey            45     1   2  2  

4 vs 4 Forward 
   Center                   Wing                     Time % Phy DF OF 
 1 Kevin Fiala              Michael Rasmussen        50     1   2  2  
 2 Ryan Callahan            Jonathan Drouin          50     1   2  2  

4 vs 4 Defense
   Defense                  Defense                  Time % Phy DF OF 
 1 Keith Yandle             Morgan Rielly            50     1   2  2  
 2 Thomas Hickey            Mark Borowiecki          50     1   2  2  

Last Minutes Offensive
   Center                   Left Wing                Right Wing               Defense                  Defense                  
   Kevin Fiala              Michael Rasmussen        John Tavares             Thomas Hickey            Mark Borowiecki          

Last Minutes Defensive
   Center                   Left Wing                Right Wing               Defense                  Defense                  
   Garnet Hathaway          Jonathan Drouin          Michael Rasmussen        Joe Hicketts             Keith Yandle             

Goaltenders
Starting : Mackenzie Blackwood      
Backup : Matthew Murray           

Extra Forwards
Normal : Michael Rasmussen, Jonathan Drouin, Ryan Callahan - PP : Ryan Callahan, Michael Rasmussen - PK : Ryan Callahan
Extra Defensemen
Normal : Keith Yandle, Morgan Rielly, Mark Borowiecki - PP : Keith Yandle - PK : Morgan Rielly, Keith Yandle
Penalty Shots
Jonathan Drouin, Ryan Callahan, Kevin Fiala, Garnet Hathaway, Michael Rasmussen
Custom OT Lines Forwards
Michael Rasmussen, Garnet Hathaway, John Tavares, Kevin Fiala, Matt Duchene, Ryan Callahan, Jonathan Audy-Marchessault, Nicholas Ritchie, Jonathan Drouin, Adrian Kempe
Custom OT Lines Defensemen
Keith Yandle, Morgan Rielly, Thomas Hickey, Dan Hamhuis, Mark Borowiecki

Scratches
Brett Pollock (Healthy), Cole Bardreau (Healthy), Logan Shaw (Healthy), Maxime Lajoie (Sprained Right Finger Injury), Richard Panik (Sprained Right Finger Injury)
Mike Condon (Healthy)

% Time on Ice - PHOENIX MUSTANGS

Lines # - Real PCT - Wanted PCT - Time Play
Normal Forward
1 - 37% - 37% - 18:43
2 - 30% - 31% - 14:56
3 - 23% - 26% - 11:23
4 - 10% - 6% - 5:02
Normal Defense
1 - 39% - 42% - 19:22
2 - 30% - 31% - 15:07
3 - 22% - 17% - 11:12
4 - 9% - 10% - 4:23
PP Forward
1 - 47% - 55% - 0:56
2 - 53% - 45% - 1:03
PP Defense
1 - 53% - 55% - 1:03
2 - 47% - 45% - 0:56
PK Forward
1 - 54% - 55% - 4:17
2 - 46% - 45% - 3:40
PK Defense
1 - 50% - 55% - 3:59
2 - 50% - 45% - 3:58
PK3 Forward
1 - 0% - 55%
2 - 0% - 45%
PK3 Defense
1 - 0% - 55%
2 - 0% - 45%
44 Forward
1 - 0% - 55%
2 - 0% - 45%
44 Defense
1 - 0% - 55%
2 - 0% - 45%
Last Minute Offensive  - 0:00
Last Minute Defensive  - 0:00
Total
Forward - 60:00
Defense - 60:00

% Time on Ice - ANAHEIM OUTLAWS

Lines # - Real PCT - Wanted PCT - Time Play
Normal Forward
1 - 28% - 29% - 14:09
2 - 30% - 29% - 14:49
3 - 26% - 25% - 13:04
4 - 16% - 17% - 8:02
Normal Defense
1 - 33% - 35% - 16:46
2 - 32% - 35% - 15:54
3 - 25% - 20% - 12:20
4 - 10% - 10% - 5:04
PP Forward
1 - 55% - 50% - 4:23
2 - 45% - 50% - 3:34
PP Defense
1 - 52% - 50% - 4:10
2 - 48% - 50% - 3:47
PK Forward
1 - 47% - 50% - 0:56
2 - 53% - 50% - 1:03
PK Defense
1 - 84% - 50% - 1:40
2 - 16% - 50% - 0:19
PK3 Forward
1 - 0% - 55%
2 - 0% - 45%
PK3 Defense
1 - 0% - 55%
2 - 0% - 45%
44 Forward
1 - 0% - 50%
2 - 0% - 50%
44 Defense
1 - 0% - 50%
2 - 0% - 50%
Last Minute Offensive  - 0:00
Last Minute Defensive  - 0:00
Total
Forward - 60:00
Defense - 60:00

Play-by-Play

1st period


0:01 of 1st period - Michael Rasmussen wins face-off versus Nicklas Backstrom in neutral zone.
0:35 of 1st period - Icing by Joe Hicketts.
0:36 of 1st period - Garnet Hathaway wins face-off versus Kevin Hayes in ANAHEIM OUTLAWS zone.
0:43 of 1st period - Icing by Kevin Hayes.
0:44 of 1st period - Kevin Fiala wins face-off versus Phil Kessel in PHOENIX MUSTANGS zone.
0:44 of 1st period - Kevin Fiala is hit by Justin Faulk.
1:22 of 1st period - Matt Duchene is hit by Jake Gardiner and loses puck.
1:41 of 1st period - Shot by Michael Grabner.
1:41 of 1st period - Stopped by Corey Crawford without a rebound.
1:42 of 1st period - Adrian Kempe wins face-off versus Jeff Carter in PHOENIX MUSTANGS zone.
1:43 of 1st period - Shot by Jonathan Drouin.
1:43 of 1st period - Shot Misses the Net.
2:00 of 1st period - Shot by Kevin Labanc.
2:00 of 1st period - Stopped by Mackenzie Blackwood with a rebound.
2:31 of 1st period - Icing by Morgan Rielly.
2:32 of 1st period - Nicklas Backstrom wins face-off versus Adrian Kempe in ANAHEIM OUTLAWS zone.
2:37 of 1st period - Shot by Nicklas Backstrom.
2:37 of 1st period - Shot Misses the Net.
2:39 of 1st period - Shot by Erik Karlsson.
2:39 of 1st period - Stopped by Mackenzie Blackwood without a rebound.
2:40 of 1st period - Andrew Copp wins face-off versus Jonathan Audy-Marchessault in ANAHEIM OUTLAWS zone.
3:14 of 1st period - Jesper Fast is hit by Ryan Callahan and loses puck.
4:49 of 1st period - Kevin Labanc is hit by Nicholas Ritchie and loses puck.
5:04 of 1st period - Christian Dvorak is hit by Morgan Rielly.
5:35 of 1st period - Off-side.
5:36 of 1st period - Adrian Kempe wins face-off versus Kevin Hayes in neutral zone.
5:48 of 1st period - Minor Penalty to Jonas Brodin for High sticking.
5:49 of 1st period - Kevin Hayes wins face-off versus Ryan Callahan in PHOENIX MUSTANGS zone.
5:49 of 1st period - Kevin Hayes is hit by Michael Rasmussen.
6:19 of 1st period - Shot by Ryan Callahan.
6:19 of 1st period - Shot Blocked by Dennis Cholowski.
6:40 of 1st period - Shot by Morgan Rielly.
6:40 of 1st period - Shot Misses the Net.
6:52 of 1st period - Shot by John Tavares.
6:52 of 1st period - Shot Misses the Net.
6:54 of 1st period - Shot by Thomas Hickey.
6:54 of 1st period - Stopped by Corey Crawford without a rebound.
6:55 of 1st period - Jeff Carter wins face-off versus Garnet Hathaway in PHOENIX MUSTANGS zone.
7:24 of 1st period - John Tavares is hit by Jeff Carter and loses puck.
7:50 of 1st period - Shot by Jonathan Drouin.
7:50 of 1st period - Stopped by Corey Crawford without a rebound.
7:51 of 1st period - Adrian Kempe wins face-off versus Nicklas Backstrom in PHOENIX MUSTANGS zone.
7:57 of 1st period - Adrian Kempe is hit by Erik Karlsson and loses puck.
8:03 of 1st period - Erik Karlsson is hit by Michael Grabner and loses puck.
8:20 of 1st period - Shot by T.J. Oshie.
8:20 of 1st period - Shot Misses the Net.
8:22 of 1st period - Shot by Erik Karlsson.
8:22 of 1st period - Stopped by Mackenzie Blackwood without a rebound.
8:23 of 1st period - Jonathan Audy-Marchessault wins face-off versus Kevin Hayes in ANAHEIM OUTLAWS zone.
8:50 of 1st period - Shot by Ryan Callahan.
8:50 of 1st period - Deflect By Jonathan Audy-Marchessault.
8:50 of 1st period - Shot Misses the Net.
9:42 of 1st period - Shot by Adrian Kempe.
9:42 of 1st period - Deflect By Jonathan Drouin.
9:42 of 1st period - Shot Misses the Net.
11:27 of 1st period - Shot by Phil Kessel.
11:27 of 1st period - Stopped by Mackenzie Blackwood without a rebound.
11:28 of 1st period - Andrew Copp wins face-off versus Kevin Fiala in ANAHEIM OUTLAWS zone.
11:33 of 1st period - Shot by Andrew Ladd.
11:33 of 1st period - Stopped by Mackenzie Blackwood without a rebound.
11:34 of 1st period - Jeff Carter wins face-off versus Kevin Fiala in ANAHEIM OUTLAWS zone.
12:09 of 1st period - Morgan Rielly is hit by Jeff Carter and loses puck.
12:37 of 1st period - Nicholas Ritchie is hit by Tomas Hyka.
13:11 of 1st period - Icing by Justin Faulk.
13:12 of 1st period - T.J. Oshie wins face-off versus Jonathan Audy-Marchessault in PHOENIX MUSTANGS zone.
13:25 of 1st period - Shot by Jonathan Audy-Marchessault.
13:25 of 1st period - Stopped by Corey Crawford with a rebound.
13:47 of 1st period - T.J. Oshie is hit by Frederik Gauthier and loses puck.
14:20 of 1st period - Shot by Erik Karlsson.
14:20 of 1st period - Shot Misses the Net.
14:22 of 1st period - Shot by Alexander Steen.
14:22 of 1st period - Stopped by Mackenzie Blackwood without a rebound.
14:23 of 1st period - Garnet Hathaway wins face-off versus Jeff Carter in ANAHEIM OUTLAWS zone.
14:46 of 1st period - Shot by Kevin Labanc.
14:46 of 1st period - Stopped by Mackenzie Blackwood without a rebound.
14:47 of 1st period - Kevin Hayes wins face-off versus Adrian Kempe in ANAHEIM OUTLAWS zone.
16:04 of 1st period - Shot by Kevin Labanc.
16:04 of 1st period - Shot Misses the Net.
16:12 of 1st period - Shot by Nicholas Ritchie.
16:12 of 1st period - Stopped by Corey Crawford without a rebound.
16:13 of 1st period - Andrew Copp wins face-off versus Garnet Hathaway in PHOENIX MUSTANGS zone.
16:13 of 1st period - Andrew Ladd is hit by Garnet Hathaway and loses puck.
16:39 of 1st period - Jesper Fast is hit by Thomas Hickey and loses puck.
17:34 of 1st period - Christian Dvorak is hit by Keith Yandle and loses puck.
17:39 of 1st period - Shot by Christian Dvorak.
17:39 of 1st period - Stopped by Mackenzie Blackwood without a rebound.
17:40 of 1st period - Nicklas Backstrom wins face-off versus Kevin Fiala in ANAHEIM OUTLAWS zone.
17:40 of 1st period - Nicklas Backstrom is hit by Mark Borowiecki.
17:48 of 1st period - Shot by T.J. Oshie.
17:48 of 1st period - Stopped by Mackenzie Blackwood with a rebound.
17:50 of 1st period - Shot by Justin Faulk.
17:50 of 1st period - Shot Misses the Net.
17:52 of 1st period - Shot by Jake Gardiner.
17:52 of 1st period - Shot Blocked by Kevin Fiala.
18:15 of 1st period - Shot by Nicklas Backstrom.
18:15 of 1st period - Shot Blocked by Matt Duchene.
18:17 of 1st period - Shot by T.J. Oshie.
18:17 of 1st period - Shot Misses the Net.
18:19 of 1st period - Shot by Justin Faulk.
18:19 of 1st period - Stopped by Mackenzie Blackwood without a rebound.
18:20 of 1st period - Kevin Hayes wins face-off versus Jonathan Audy-Marchessault in ANAHEIM OUTLAWS zone.
18:20 of 1st period - Kevin Hayes is hit by Dan Hamhuis.
18:23 of 1st period - Alexander Steen is hit by Dan Hamhuis and loses puck.
18:45 of 1st period - Shot by Phil Kessel.
18:45 of 1st period - Shot Blocked by Morgan Rielly.
18:55 of 1st period - Shot by Kevin Hayes.
18:55 of 1st period - Shot Blocked by Morgan Rielly.
19:08 of 1st period - Minor Penalty to Jeff Carter for Hooking.
19:09 of 1st period - Kevin Hayes wins face-off versus Garnet Hathaway in PHOENIX MUSTANGS zone.
19:58 of 1st period - Shot by Morgan Rielly.
19:58 of 1st period - Shot Misses the Net.
Goals for this period are 0 for PHOENIX MUSTANGS vs 0 for ANAHEIM OUTLAWS.
Shots for this period are 10 for PHOENIX MUSTANGS vs 5 for ANAHEIM OUTLAWS.

2nd period


0:01 of 2nd period - Ryan Callahan wins face-off versus Kevin Hayes in neutral zone.
1:23 of 2nd period - Shot by Matt Duchene.
1:23 of 2nd period - Stopped by Corey Crawford without a rebound.
1:24 of 2nd period - Adrian Kempe wins face-off versus Jeff Carter in PHOENIX MUSTANGS zone.
1:24 of 2nd period - Morgan Rielly is hit by Oscar Fantenberg and loses puck.
1:55 of 2nd period - Shot by Jeff Carter.
1:55 of 2nd period - Stopped by Mackenzie Blackwood without a rebound.
1:56 of 2nd period - Nicklas Backstrom wins face-off versus Kevin Fiala in ANAHEIM OUTLAWS zone.
2:25 of 2nd period - Shot by T.J. Oshie.
2:25 of 2nd period - Shot Misses the Net.
2:35 of 2nd period - Nicholas Ritchie is hit by T.J. Oshie and loses puck.
3:22 of 2nd period - Off-side.
3:23 of 2nd period - Kevin Hayes wins face-off versus Adrian Kempe in neutral zone.
3:26 of 2nd period - Shot by Kevin Hayes.
3:26 of 2nd period - Shot Misses the Net.
3:28 of 2nd period - Shot by Jake Gardiner.
3:28 of 2nd period - Stopped by Mackenzie Blackwood without a rebound.
3:29 of 2nd period - Kevin Hayes wins face-off versus Michael Grabner in ANAHEIM OUTLAWS zone.
3:29 of 2nd period - Alexander Steen is hit by Dan Hamhuis and loses puck.
3:56 of 2nd period - Icing by Michael Grabner.
3:57 of 2nd period - Jeff Carter wins face-off versus Adrian Kempe in ANAHEIM OUTLAWS zone.
3:57 of 2nd period - Jeff Carter is hit by Dan Hamhuis.
3:59 of 2nd period - Shot by Christian Dvorak.
3:59 of 2nd period - Stopped by Mackenzie Blackwood with a rebound.
4:09 of 2nd period - Shot by Adrian Kempe.
4:09 of 2nd period - Shot Blocked by Dennis Cholowski.
4:11 of 2nd period - Shot by Morgan Rielly.
4:11 of 2nd period - Stopped by Corey Crawford without a rebound.
4:12 of 2nd period - Kevin Hayes wins face-off versus Garnet Hathaway in PHOENIX MUSTANGS zone.
4:34 of 2nd period - Shot by Keith Yandle.
4:34 of 2nd period - Shot Misses the Net.
4:36 of 2nd period - Shot by Keith Yandle.
4:36 of 2nd period - Shot Misses the Net.
4:38 of 2nd period - Shot by John Tavares.
4:38 of 2nd period - Shot Blocked by Kevin Hayes.
5:25 of 2nd period - Shot by Kevin Fiala.
5:25 of 2nd period - Stopped by Corey Crawford without a rebound.
5:26 of 2nd period - Jonathan Audy-Marchessault wins face-off versus Jeff Carter in PHOENIX MUSTANGS zone.
5:58 of 2nd period - Shot by Jeff Carter.
5:58 of 2nd period - Shot Blocked by Dan Hamhuis.
6:00 of 2nd period - Shot by Kevin Labanc.
6:00 of 2nd period - Goal by Kevin Labanc - PHOENIX MUSTANGS : 1 - ANAHEIM OUTLAWS : 0.
6:01 of 2nd period - Nicklas Backstrom wins face-off versus Kevin Fiala in neutral zone.
6:27 of 2nd period - Shot by Matt Duchene.
6:27 of 2nd period - Stopped by Corey Crawford without a rebound.
6:28 of 2nd period - Andrew Copp wins face-off versus Garnet Hathaway in PHOENIX MUSTANGS zone.
6:42 of 2nd period - Icing by Erik Karlsson.
6:43 of 2nd period - Adrian Kempe wins face-off versus Andrew Ladd in PHOENIX MUSTANGS zone.
6:52 of 2nd period - Shot by Adrian Kempe.
6:52 of 2nd period - Stopped by Corey Crawford without a rebound.
6:53 of 2nd period - Nicklas Backstrom wins face-off versus Kevin Fiala in PHOENIX MUSTANGS zone.
6:53 of 2nd period - Nicklas Backstrom is hit by Nicholas Ritchie.
6:56 of 2nd period - Icing by T.J. Oshie.
6:57 of 2nd period - Nicklas Backstrom wins face-off versus Garnet Hathaway in PHOENIX MUSTANGS zone.
7:07 of 2nd period - John Tavares is hit by Justin Faulk and loses puck.
7:48 of 2nd period - Icing by Thomas Hickey.
7:49 of 2nd period - Kevin Hayes wins face-off versus Garnet Hathaway in ANAHEIM OUTLAWS zone.
8:06 of 2nd period - Mark Borowiecki is hit by Alexander Steen and loses puck.
8:25 of 2nd period - Shot by Phil Kessel.
8:25 of 2nd period - Stopped by Mackenzie Blackwood without a rebound.
8:26 of 2nd period - Jeff Carter wins face-off versus Adrian Kempe in ANAHEIM OUTLAWS zone.
8:35 of 2nd period - Shot by Kevin Labanc.
8:35 of 2nd period - Stopped by Mackenzie Blackwood with a rebound.
8:41 of 2nd period - Jeff Carter is hit by Adrian Kempe and loses puck.
8:48 of 2nd period - Shot by Michael Grabner.
8:48 of 2nd period - Stopped by Corey Crawford without a rebound.
8:49 of 2nd period - Andrew Copp wins face-off versus Kevin Fiala in PHOENIX MUSTANGS zone.
8:53 of 2nd period - Icing by Justin Faulk.
8:54 of 2nd period - Andrew Copp wins face-off versus Kevin Fiala in PHOENIX MUSTANGS zone.
8:54 of 2nd period - Andrew Copp is hit by Nicholas Ritchie.
8:57 of 2nd period - Icing by Justin Faulk.
8:58 of 2nd period - Andrew Copp wins face-off versus Kevin Fiala in PHOENIX MUSTANGS zone.
9:04 of 2nd period - Justin Faulk is hit by Keith Yandle and loses puck.
9:15 of 2nd period - Shot by Andrew Copp.
9:15 of 2nd period - Shot Misses the Net.
9:20 of 2nd period - Andrew Ladd is hit by Keith Yandle and loses puck.
9:40 of 2nd period - Jesper Fast is hit by Thomas Hickey and loses puck.
10:01 of 2nd period - Shot by Adrian Kempe.
10:01 of 2nd period - Shot Misses the Net.
10:49 of 2nd period - Dan Hamhuis is hit by T.J. Oshie and loses puck.
11:00 of 2nd period - Shot by Jonathan Audy-Marchessault.
11:00 of 2nd period - Shot Misses the Net.
11:02 of 2nd period - Shot by Morgan Rielly.
11:02 of 2nd period - Shot Misses the Net.
11:10 of 2nd period - Shot by Jonathan Audy-Marchessault.
11:10 of 2nd period - Stopped by Corey Crawford without a rebound.
11:11 of 2nd period - Kevin Hayes wins face-off versus Garnet Hathaway in PHOENIX MUSTANGS zone.
11:11 of 2nd period - Kevin Hayes is hit by Garnet Hathaway.
11:21 of 2nd period - Shot by Kevin Hayes.
11:21 of 2nd period - Shot Misses the Net.
12:56 of 2nd period - Shot by Jesper Fast.
12:56 of 2nd period - Shot Misses the Net.
12:58 of 2nd period - Shot by Oscar Fantenberg.
12:58 of 2nd period - Shot Blocked by Keith Yandle.
13:00 of 2nd period - Shot by Oscar Fantenberg.
13:00 of 2nd period - Shot Blocked by Morgan Rielly.
13:13 of 2nd period - Shot by Jesper Fast.
13:13 of 2nd period - Shot Misses the Net.
13:19 of 2nd period - Shot by Andrew Copp.
13:19 of 2nd period - Deflect By Jesper Fast.
13:19 of 2nd period - Stopped by Mackenzie Blackwood with a rebound.
14:03 of 2nd period - Mark Borowiecki is hit by Kevin Hayes and loses puck.
14:37 of 2nd period - Kevin Hayes is hit by Mark Borowiecki and loses puck.
14:45 of 2nd period - Icing by Mark Borowiecki.
14:46 of 2nd period - Jeff Carter wins face-off versus Kevin Fiala in ANAHEIM OUTLAWS zone.
14:53 of 2nd period - Shot by Christian Dvorak.
14:53 of 2nd period - Shot Misses the Net.
14:57 of 2nd period - Shot by Christian Dvorak.
14:57 of 2nd period - Stopped by Mackenzie Blackwood without a rebound.
14:58 of 2nd period - Andrew Copp wins face-off versus Adrian Kempe in ANAHEIM OUTLAWS zone.
14:58 of 2nd period - Erik Karlsson is hit by Thomas Hickey and loses puck.
15:15 of 2nd period - Shot by Jonathan Drouin.
15:15 of 2nd period - Deflect By Adrian Kempe.
15:15 of 2nd period - Stopped by Corey Crawford without a rebound.
15:16 of 2nd period - Jeff Carter wins face-off versus Jonathan Audy-Marchessault in PHOENIX MUSTANGS zone.
15:46 of 2nd period - Off-side.
15:47 of 2nd period - Nicklas Backstrom wins face-off versus Adrian Kempe in neutral zone.
16:32 of 2nd period - Off-side.
16:33 of 2nd period - Kevin Fiala wins face-off versus Kevin Hayes in neutral zone.
17:15 of 2nd period - Shot by Matt Duchene.
17:15 of 2nd period - Stopped by Corey Crawford with a rebound.
18:38 of 2nd period - Michael Grabner is hit by T.J. Oshie.
19:16 of 2nd period - Shot by Nicklas Backstrom.
19:16 of 2nd period - Stopped by Mackenzie Blackwood with a rebound.
19:25 of 2nd period - Icing by Morgan Rielly.
19:26 of 2nd period - Garnet Hathaway wins face-off versus Kevin Hayes in ANAHEIM OUTLAWS zone.
19:35 of 2nd period - Shot by John Tavares.
19:35 of 2nd period - Shot Misses the Net.
Goals for this period are 1 for PHOENIX MUSTANGS vs 0 for ANAHEIM OUTLAWS.
Shots for this period are 9 for PHOENIX MUSTANGS vs 9 for ANAHEIM OUTLAWS.

3rd period


0:01 of 3rd period - Nicklas Backstrom wins face-off versus Jonathan Audy-Marchessault in neutral zone.
0:10 of 3rd period - Erik Karlsson is hit by Frederik Gauthier and loses puck.
0:19 of 3rd period - Keith Yandle is hit by T.J. Oshie.
0:31 of 3rd period - Shot by Jonathan Audy-Marchessault.
0:31 of 3rd period - Shot Misses the Net.
0:41 of 3rd period - Shot by T.J. Oshie.
0:41 of 3rd period - Deflect By Nicklas Backstrom.
0:41 of 3rd period - Stopped by Mackenzie Blackwood without a rebound.
0:42 of 3rd period - Adrian Kempe wins face-off versus Kevin Hayes in ANAHEIM OUTLAWS zone.
1:05 of 3rd period - Shot by Michael Grabner.
1:05 of 3rd period - Deflect By Jonathan Drouin.
1:05 of 3rd period - Shot Misses the Net.
1:07 of 3rd period - Shot by Mark Borowiecki.
1:07 of 3rd period - Shot Misses the Net.
1:23 of 3rd period - Shot by Jonathan Drouin.
1:23 of 3rd period - Deflect By Adrian Kempe.
1:23 of 3rd period - Stopped by Corey Crawford without a rebound.
1:24 of 3rd period - Jeff Carter wins face-off versus Kevin Fiala in PHOENIX MUSTANGS zone.
1:38 of 3rd period - Icing by Nicholas Ritchie.
1:39 of 3rd period - Nicklas Backstrom wins face-off versus Kevin Fiala in ANAHEIM OUTLAWS zone.
1:43 of 3rd period - T.J. Oshie is hit by Dan Hamhuis.
2:33 of 3rd period - Shot by Alexander Steen.
2:33 of 3rd period - Stopped by Mackenzie Blackwood with a rebound.
2:37 of 3rd period - Shot by Kevin Hayes.
2:37 of 3rd period - Shot Misses the Net.
2:39 of 3rd period - Shot by Alexander Steen.
2:39 of 3rd period - Shot Blocked by Morgan Rielly.
3:40 of 3rd period - Shot by Garnet Hathaway.
3:40 of 3rd period - Shot Misses the Net.
4:01 of 3rd period - Shot by John Tavares.
4:01 of 3rd period - Stopped by Corey Crawford without a rebound.
4:02 of 3rd period - Andrew Copp wins face-off versus Adrian Kempe in PHOENIX MUSTANGS zone.
4:39 of 3rd period - Shot by Adrian Kempe.
4:39 of 3rd period - Stopped by Corey Crawford without a rebound.
4:40 of 3rd period - Jonathan Audy-Marchessault wins face-off versus Tomas Hyka in PHOENIX MUSTANGS zone.
4:51 of 3rd period - Shot by Ryan Callahan.
4:51 of 3rd period - Stopped by Corey Crawford without a rebound.
4:52 of 3rd period - Kevin Hayes wins face-off versus Garnet Hathaway in PHOENIX MUSTANGS zone.
5:07 of 3rd period - Shot by Phil Kessel.
5:07 of 3rd period - Shot Misses the Net.
5:09 of 3rd period - Shot by Kevin Hayes.
5:09 of 3rd period - Shot Misses the Net.
5:15 of 3rd period - Shot by Alexander Steen.
5:15 of 3rd period - Deflect By Kevin Hayes.
5:15 of 3rd period - Shot Blocked by Thomas Hickey.
5:29 of 3rd period - Shot by Kevin Hayes.
5:29 of 3rd period - Stopped by Mackenzie Blackwood without a rebound.
5:30 of 3rd period - Nicklas Backstrom wins face-off versus Jonathan Audy-Marchessault in ANAHEIM OUTLAWS zone.
5:35 of 3rd period - Shot by T.J. Oshie.
5:35 of 3rd period - Shot Misses the Net.
5:37 of 3rd period - Shot by Jonas Brodin.
5:37 of 3rd period - Stopped by Mackenzie Blackwood without a rebound.
5:38 of 3rd period - Tomas Hyka wins face-off versus Michael Grabner in ANAHEIM OUTLAWS zone.
5:38 of 3rd period - Nicklas Backstrom is hit by Mark Borowiecki and loses puck.
6:06 of 3rd period - Nicklas Backstrom is hit by Mark Borowiecki and loses puck.
6:18 of 3rd period - Minor Penalty to Mark Borowiecki for Holding.
6:19 of 3rd period - Kevin Fiala wins face-off versus Kevin Hayes in ANAHEIM OUTLAWS zone.
6:27 of 3rd period - Icing by Erik Karlsson.
6:28 of 3rd period - Phil Kessel wins face-off versus Kevin Fiala in PHOENIX MUSTANGS zone.
6:51 of 3rd period - Shot by Phil Kessel.
6:51 of 3rd period - Shot Misses the Net.
6:53 of 3rd period - Shot by Erik Karlsson.
6:53 of 3rd period - Stopped by Mackenzie Blackwood without a rebound.
6:54 of 3rd period - Nicklas Backstrom wins face-off versus Kevin Fiala in ANAHEIM OUTLAWS zone.
6:55 of 3rd period - Shot by T.J. Oshie.
6:55 of 3rd period - Shot Misses the Net.
7:09 of 3rd period - Shot by Kevin Fiala.
7:09 of 3rd period - Shot Misses the Net.
8:34 of 3rd period - Shot by Andrew Copp.
8:34 of 3rd period - Shot Misses the Net.
8:36 of 3rd period - Shot by Andrew Copp.
8:36 of 3rd period - Shot Blocked by Mark Borowiecki.
8:38 of 3rd period - Shot by Oscar Fantenberg.
8:38 of 3rd period - Shot Misses the Net.
8:48 of 3rd period - Shot by Jesper Fast.
8:48 of 3rd period - Deflect By Andrew Ladd.
8:48 of 3rd period - Shot Misses the Net.
8:50 of 3rd period - Shot by Jesper Fast.
8:50 of 3rd period - Stopped by Mackenzie Blackwood without a rebound.
8:51 of 3rd period - Kevin Hayes wins face-off versus Jonathan Audy-Marchessault in ANAHEIM OUTLAWS zone.
9:02 of 3rd period - Shot by Phil Kessel.
9:02 of 3rd period - Stopped by Mackenzie Blackwood without a rebound.
9:03 of 3rd period - Nicklas Backstrom wins face-off versus Jonathan Drouin in ANAHEIM OUTLAWS zone.
9:06 of 3rd period - Shot by T.J. Oshie.
9:06 of 3rd period - Stopped by Mackenzie Blackwood without a rebound.
9:07 of 3rd period - Nicklas Backstrom wins face-off versus John Tavares in ANAHEIM OUTLAWS zone.
9:22 of 3rd period - Shot by T.J. Oshie.
9:22 of 3rd period - Stopped by Mackenzie Blackwood without a rebound.
9:23 of 3rd period - Jeff Carter wins face-off versus Jonathan Audy-Marchessault in ANAHEIM OUTLAWS zone.
9:54 of 3rd period - Shot by Jonathan Audy-Marchessault.
9:54 of 3rd period - Stopped by Corey Crawford without a rebound.
9:55 of 3rd period - Nicklas Backstrom wins face-off versus Garnet Hathaway in PHOENIX MUSTANGS zone.
10:05 of 3rd period - T.J. Oshie is hit by Thomas Hickey and loses puck.
10:10 of 3rd period - Shot by Nicklas Backstrom.
10:10 of 3rd period - Shot Blocked by John Tavares.
10:15 of 3rd period - T.J. Oshie is hit by Thomas Hickey.
10:25 of 3rd period - Tomas Hyka is hit by Garnet Hathaway.
10:29 of 3rd period - Thomas Hickey is hit by T.J. Oshie and loses puck.
11:25 of 3rd period - Shot by Michael Grabner.
11:25 of 3rd period - Shot Misses the Net.
11:44 of 3rd period - Off-side.
11:45 of 3rd period - Jeff Carter wins face-off versus Kevin Fiala in neutral zone.
11:52 of 3rd period - Shot by Matt Duchene.
11:52 of 3rd period - Stopped by Corey Crawford without a rebound.
11:53 of 3rd period - Christian Dvorak wins face-off versus Kevin Fiala in PHOENIX MUSTANGS zone.
12:00 of 3rd period - Shot by Jeff Carter.
12:00 of 3rd period - Shot Misses the Net.
12:03 of 3rd period - Icing by Morgan Rielly.
12:04 of 3rd period - Nicklas Backstrom wins face-off versus Kevin Fiala in ANAHEIM OUTLAWS zone.
12:16 of 3rd period - Matt Duchene is hit by Justin Faulk.
12:32 of 3rd period - Shot by Matt Duchene.
12:32 of 3rd period - Goal by Matt Duchene - PHOENIX MUSTANGS : 1 - ANAHEIM OUTLAWS : 1.
12:33 of 3rd period - Michael Rasmussen wins face-off versus Phil Kessel in neutral zone.
13:21 of 3rd period - Off-side.
13:22 of 3rd period - Nicklas Backstrom wins face-off versus Jonathan Audy-Marchessault in neutral zone.
13:34 of 3rd period - T.J. Oshie is hit by Mark Borowiecki and loses puck.
13:44 of 3rd period - Ryan Callahan is hit by Justin Faulk and loses puck.
13:50 of 3rd period - Jonathan Audy-Marchessault is hit by Jake Gardiner and loses puck.
13:57 of 3rd period - Shot by Jonathan Audy-Marchessault.
13:57 of 3rd period - Stopped by Corey Crawford with a rebound.
13:59 of 3rd period - Shot by Jonathan Audy-Marchessault.
13:59 of 3rd period - Stopped by Corey Crawford without a rebound.
14:00 of 3rd period - Kevin Fiala wins face-off versus Jeff Carter in PHOENIX MUSTANGS zone.
14:03 of 3rd period - Shot by Matt Duchene.
14:03 of 3rd period - Shot Blocked by Dennis Cholowski.
14:05 of 3rd period - Shot by Matt Duchene.
14:05 of 3rd period - Shot Misses the Net.
14:07 of 3rd period - Shot by Dan Hamhuis.
14:07 of 3rd period - Shot Misses the Net.
14:09 of 3rd period - Shot by Morgan Rielly.
14:09 of 3rd period - Stopped by Corey Crawford without a rebound.
14:10 of 3rd period - Kevin Hayes wins face-off versus Adrian Kempe in PHOENIX MUSTANGS zone.
14:21 of 3rd period - Keith Yandle is hit by Alexander Steen and loses puck.
14:27 of 3rd period - Double Minor Penalty to Alexander Steen for Roughing.
14:28 of 3rd period - Garnet Hathaway wins face-off versus Kevin Hayes in PHOENIX MUSTANGS zone.
15:13 of 3rd period - Icing by Keith Yandle.
15:14 of 3rd period - Jeff Carter wins face-off versus Garnet Hathaway in ANAHEIM OUTLAWS zone.
15:51 of 3rd period - Icing by Thomas Hickey.
15:52 of 3rd period - Jeff Carter wins face-off versus Ryan Callahan in ANAHEIM OUTLAWS zone.
15:55 of 3rd period - Shot by Jeff Carter.
15:55 of 3rd period - Stopped by Mackenzie Blackwood without a rebound.
15:56 of 3rd period - Kevin Hayes wins face-off versus Ryan Callahan in ANAHEIM OUTLAWS zone.
16:53 of 3rd period - Shot by Kevin Fiala.
16:53 of 3rd period - Shot Misses the Net.
16:55 of 3rd period - Shot by John Tavares.
16:55 of 3rd period - Shot Misses the Net.
17:40 of 3rd period - Shot by Morgan Rielly.
17:40 of 3rd period - Shot Misses the Net.
17:53 of 3rd period - Off-side.
17:54 of 3rd period - Kevin Hayes wins face-off versus Garnet Hathaway in neutral zone.
18:09 of 3rd period - Shot by Keith Yandle.
18:09 of 3rd period - Shot Blocked by Justin Faulk.
18:43 of 3rd period - Icing by Michael Grabner.
18:44 of 3rd period - Adrian Kempe wins face-off versus T.J. Oshie in ANAHEIM OUTLAWS zone.
19:00 of 3rd period - Shot by Morgan Rielly.
19:00 of 3rd period - Shot Misses the Net.
Goals for this period are 0 for PHOENIX MUSTANGS vs 1 for ANAHEIM OUTLAWS.
Shots for this period are 10 for PHOENIX MUSTANGS vs 10 for ANAHEIM OUTLAWS.

Overtime #1


0:01 of 1st overtime period - Nicklas Backstrom wins face-off versus Michael Rasmussen in neutral zone.
2:05 of 1st overtime period - Icing by Erik Karlsson.
2:06 of 1st overtime period - Michael Rasmussen wins face-off versus Nicklas Backstrom in PHOENIX MUSTANGS zone.
2:13 of 1st overtime period - Shot by Keith Yandle.
2:13 of 1st overtime period - Stopped by Corey Crawford with a rebound.
2:57 of 1st overtime period - Shot by Ryan Callahan.
2:57 of 1st overtime period - Shot Misses the Net.
2:59 of 1st overtime period - Shot by Thomas Hickey.
2:59 of 1st overtime period - Stopped by Corey Crawford without a rebound.
3:00 of 1st overtime period - Kevin Hayes wins face-off versus Matt Duchene in PHOENIX MUSTANGS zone.
3:30 of 1st overtime period - Icing by Kevin Hayes.
3:31 of 1st overtime period - Kevin Hayes wins face-off versus Michael Rasmussen in PHOENIX MUSTANGS zone.
3:40 of 1st overtime period - Shot by Jonas Brodin.
3:40 of 1st overtime period - Shot Misses the Net.
4:00 of 1st overtime period - Shot by Michael Rasmussen.
4:00 of 1st overtime period - Goal by Michael Rasmussen - PHOENIX MUSTANGS : 1 - ANAHEIM OUTLAWS : 2.
Goals for this period are 0 for PHOENIX MUSTANGS vs 1 for ANAHEIM OUTLAWS.
Shots for this period are 0 for PHOENIX MUSTANGS vs 3 for ANAHEIM OUTLAWS.


RYAN
NUGENT-HOPKINS
THATCHER
DEMKO
MITCHELL
MARNER

EAST COAST

HOCKEY LEAGUE

  • 13.MAN3PIT5
  • 14.NHW2ATL3
  • 15.PET5WOR4
  • 16.RHI30
  • 17.QUECHI
  • 18.CHALIM
  • 19.TRVLON
  • 20.CHWBAL